 Dungeon Crawl Stone Soup version 0.26.1-11-gd32895ea62 (webtiles) character file.

Game seed: 5689105971526241039

2335 H0rd4k the Covered (level 9, 0/65 (66) HPs)
             Began as a Human Artificer on Apr 14, 2021.
             Was an Initiate of Gozag.
             Killed from afar by an orc wizard (6 damage)
             ... with a magic dart
             ... on level 8 of the Dungeon.
             The game lasted 00:11:26 (6940 turns).

H0rd4k the Covered (Human Artificer)                Turns: 6940, Time: 00:11:27

HP:   0/65 (66)     AC: 14    Str: 14    XL:     9   Next: 70%
MP:   9/9           EV: 12    Int: 12    God:    Gozag
Gold: 188           SH:  0    Dex: 21    Spells: 8/8 levels left

rFire    + . .     SeeInvis .   g - +2 dagger (drain)
rCold    . . .     Faith    .   (no shield)
rNeg     . . .     Spirit   .   u - +3 scale mail {Will+}
rPois    .         Reflect  .   (no helmet)
rElec    .         Harm     .   p - +2 cloak
rCorr    .         Rampage  .   (no gloves)
Will     +....                  (no boots)
Stlth    +.........             (no amulet)
HPRegen  0.20/turn              i - ring of protection from fire
MPRegen  0.11/turn              D - +6 ring of dexterity

@: lightly drained
A: no striking features
a: Renounce Religion, Potion Petition, Call Merchant, Bribe Branch


You were on level 8 of the Dungeon.
You worshipped Gozag.
Gozag was aware of your devotion.
You visited 2 branches of the dungeon, and saw 8 of its levels.

You collected 656 gold pieces.
You paid 468 gold pieces to Gozag.

Inventory:

Hand Weapons
 a - a +0 club
 g - a +2 dagger of draining (weapon)
 A - the +5 battleaxe of Cataclysm {speed, rF- rC+ Str+2 Stlth+}
   (You found it on level 7 of the Dungeon)

   Attacks with this weapon are significantly faster.
   It affects your strength (+2).
   It makes you vulnerable to fire.
   It protects you from cold.
   It makes you more stealthy.
 F - a +1 rapier of flaming
Missiles
 n - 28 poisoned darts (quivered)
Armour
 b - a +0 leather armour
 p - a +2 cloak (worn)
 u - a +3 scale mail of willpower (worn)
 v - a +2 robe of fire resistance
Jewellery
 i - a ring of protection from fire (left hand)
 q - an uncursed ring of protection from fire
 r - a +6 ring of intelligence
 D - a +6 ring of dexterity (right hand)
Wands
 c - a wand of flame (9)
 d - a wand of iceblast (7)
 e - a wand of random effects (13)
Scrolls
 f - 2 scrolls of remove curse
 h - a scroll of enchant armour
 j - 6 scrolls of identify
 l - a scroll of amnesia
 o - 3 scrolls of fear
 x - a scroll of teleportation
 y - a scroll of blinking {unknown}
 C - a scroll of fog
Potions
 k - 2 potions of heal wounds {unknown}
 m - 2 potions of lignification
 s - 3 potions of haste
 t - 3 potions of cancellation
 w - a potion of brilliance {unknown}
 z - a potion of ambrosia {unknown}
 B - a potion of degeneration {unknown}
 E - a potion of invisibility {unknown}


   Skills:
 + Level 4.5 Fighting
 + Level 6.8 Short Blades
 + Level 6.8 Armour
 + Level 4.4 Dodging
 + Level 2.8 Stealth
 + Level 4.5 Evocations


You had 8 spell levels left.
You didn't know any spells.
Your spell library contained the following spells:

 Spells                   Type           Power        Failure   Level
 Animate Skeleton         Necr           0%           75%         1
 Pain                     Necr           0%           75%         1
 Vampiric Draining        Necr           0%           98%         3
 Animate Dead             Necr           0%           100%        4
 Agony                    Necr           0%           100%        5


Dungeon Overview and Level Annotations

Branches:
Dungeon (9/15)             Temple (1/1) D:7            Lair (0/6) D:8
    Orc: D:9-12

Altars:
Gozag
Makhleb
Nemelex Xobeh
Okawaru
Sif Muna
Uskayaw
Vehumet
Wu Jian
Xom
Zin
The Shining One

Shops:
D:9 :

Annotations:
D:9 Maurice


Message History

A big kobold comes into view. It is wielding a +0 short sword.
Aiming: Throw Flame
Press: ? - help, Shift-Dir - straight line, f/p - orc priest
Aim: an orc priest, wielding a +2 flail of protection, wearing a +4 ring mail and carrying a wand of paralysis (8) (severely wounded, 23% to evade)
The puff of flame hits the orc priest but does no damage.
The orc priest is severely wounded.
The necrophage hits you.
* * * LOW HITPOINT WARNING * * *
You feel drained.
Aiming: Throw Flame
Press: ? - help, Shift-Dir - straight line, f/p - orc priest
Aim: an orc priest, wielding a +2 flail of protection, wearing a +4 ring mail and carrying a wand of paralysis (8) (severely wounded, 23% to evade)
The puff of flame hits the orc priest.
The orc priest is severely wounded.
The orc priest zaps a wand.
You resist with almost no effort. The necrophage barely misses you.
The orc wizard gestures at you while chanting.
The magic dart hits you.
You die...
Your body crumbles into a pile of gold.

≈. ≈≈... ≈≈...
.≈§....###########
§≈≈§.......#.....##
≈≈§..!.........o@.##
≈≈§.............no)#
§§..............(?>#
§§...{......o.....(#
.....n..$..........#
....>..............#
..###.....K.......##
.# #......#.....##
..# #...##########


You could see a big kobold, a necrophage, an orc priest, an orc wizard and an
orc.

Vanquished Creatures
  Joseph (D:7)
  An orc warrior (D:9)
  Duvessa (D:7)
  2 black bears
  4 centaurs
  A big kobold (D:8)
  A gnoll sergeant (D:7)
  A bullfrog (D:9)
  3 scorpions
  2 wights (D:7)
  A quasit (D:7)
  3 hounds
  2 orc priests
  A jelly (D:7)
  3 orc wizards
  A bullfrog skeleton (D:7)
  Terence (D:3)
  2 iguanas
  4 worker ants
  Robin (D:2)
  4 gnolls (D:7)
  4 adders
  A shadow imp (D:7)
  A white imp (D:7)
  An ufetubus (D:9)
  3 worms (D:2)
  A dart slug (D:2)
  5 leopard geckos
  15 orcs
  4 bats
  4 giant cockroaches
  7 hobgoblins
  3 jackals (D:3)
  10 kobolds
  2 quokkas
  A ball python (D:2)
  5 frilled lizards
  14 goblins
  A leopard gecko skeleton (D:4)
  4 rats
126 creatures vanquished.

Vanquished Creatures (collateral kills)
  A troll (D:9)
  Dowan (D:7)
  3 wights (D:7)
  A worker ant (D:9)
  An adder zombie (D:7)
  An orc (D:7)
  A ball python (D:7)
9 creatures vanquished.

Vanquished Creatures (others)
  A water moccasin (D:7)
  A sky beast (D:7)
  A wight (D:9)
  A leopard gecko (D:1)
  A hobgoblin (D:1)
  A kobold (D:1)
6 creatures vanquished.

Grand Total: 141 creatures vanquished

Notes
Turn   | Place    | Note
-------+----------+-------------------------------------------
     0 | D:1      | H0rd4k the Human Artificer began the quest for the Orb.
     0 | D:1      | Reached XP level 1. HP: 15/15 MP: 1/1
   374 | D:1      | Reached XP level 2. HP: 19/21 MP: 2/2
   888 | D:2      | Reached XP level 3. HP: 19/26 MP: 3/3
  1192 | D:2      | Noticed Robin
  1202 | D:2      | Reached XP level 4. HP: 32/32 MP: 4/4
  1488 | D:2      | Killed Robin
  1713 | D:2      | Reached skill level 1 in Short Blades
  2367 | D:3      | Noticed Terence
  2387 | D:3      | Killed Terence
  2388 | D:3      | Reached XP level 5. HP: 20/38 MP: 5/5
  2962 | D:3      | Reached XP level 6. HP: 32/44 MP: 6/6
  4027 | D:4      | Found a glowing golden altar of the Shining One.
  4368 | D:4      | Found an iron altar of Okawaru.
  4473 | D:4      | You fall into a shaft and drop 3 floors!
  4481 | D:7      | Reached XP level 7. HP: 42/51 MP: 7/7
  4538 | D:7      | Noticed a water moccasin
  4545 | D:7      | Got a jewelled battleaxe
  4583 | D:7      | Killed a centaur
  4585 | D:7      | Identified the +5 battleaxe of Cataclysm {speed, rF- rC+
                  | Str+2 Stlth+} (You found it on level 7 of the Dungeon)
  4662 | D:7      | Noticed Joseph
  4699 | D:7      | Killed Joseph
  4700 | D:7      | Reached skill level 5 in Short Blades
  4700 | D:7      | Reached XP level 8. HP: 20/58 MP: 8/8
  4898 | D:7      | Found a staircase to the Ecumenical Temple.
  4958 | Temple   | Entered the Ecumenical Temple
  5021 | Temple   | Became a worshipper of Gozag Ym Sagoz the Greedy
  5101 | D:7      | Found a hide-covered altar of Uskayaw.
  5102 | D:7      | Found a glowing golden altar of the Shining One.
  5102 | D:7      | Found a shimmering altar of Xom.
  5102 | D:7      | Found a hide-covered altar of Uskayaw.
  5167 | D:7      | Reached skill level 5 in Armour
  5325 | D:7      | Noticed Dowan
  5325 | D:7      | Noticed Duvessa
  5369 | D:7      | Killed Dowan
  5391 | D:7      | Killed Duvessa
  5779 | D:7      | Noticed a hornet
  5779 | D:7      | Noticed a cyclops
  5842 | D:7      | Reached XP level 9. HP: 64/65 MP: 9/9
  6314 | D:8      | Noticed Maurice
  6316 | D:8      | Found a staircase to the Lair.
  6329 | D:8      | Found an ornate altar of the Wu Jian Council.
  6346 | D:9      | Noticed a troll
  6357 | D:9      | Killed a troll
  6443 | D:9      | Found Ceazxiza's Book Shop.
  6475 | D:9      | Killed an orc warrior
  6769 | D:9      | Found a shimmering blue altar of Sif Muna.
  6917 | D:9      | HP: 3/65 [wight/+3 war axe of freezing (4)]
  6921 | D:9      | HP: 1/65 [orc priest/divine providence (14)]
  6940 | D:8      | Killed from afar by an orc wizard

Illustrated notes

Levels and vault maps discovered:
D:1:      minmay_arrival_glassed_features, layout_loops_ring
D:2:      layout_basic, uniq_robin
D:3:      layout_loops_ring, kennysheep_generic_room_14, uniq_terence
D:4:      layout_loops_cross, nicolae_overflow_crystal_walls, serial_shops,
          nicolae_shop_waterfront, okawaru_trees_2
D:7:      minmay_the_grid_octo_tiled_octocenter [minmay_the_grid_octo_horde,
          minmay_the_grid_octo_chip, minmay_the_grid_octo_clover,
          minmay_the_grid_octo_shrine, minmay_the_grid_octo_prize_big_c,
          minmay_the_grid_square_5x5_forky,
          minmay_the_grid_square_5x5_checkered_statues,
          minmay_the_grid_square_5x5_slash,
          minmay_the_grid_square_5x5_bracketed], layout_basic,
          minmay_temple_entry_trees, uniq_duvessa, uniq_joseph
D:8:      layout_rooms, old_standard_altar, nicolae_qazlal_general_emergency,
          grunt_dithmenos_smoke, lemuel_round_altar, uniq_psyche, uniq_maurice
D:9:      layout_loops_ring, nicolae_ashenzari_panopticon, kennysheep_mini_moat,
          serial_shops, shop
Temple:   compressed_dpeg_triangle_lava_temple

Skill      XL: |  1  2  3  4  5  6  7  8  9 |
---------------+----------------------------+-----
Armour         | 3 4 5 6 |  6.8
Short Blades   | 1 2 3 5 6 |  6.8
Fighting       | 2 3 4 |  4.5
Dodging        | 2 3 4 |  4.4
Evocations     | 4 |  4.5
Stealth        | 2 |  2.8

Action                   |  1- 3 |  4- 6 |  7- 9 || total
-------------------------+-------+-------+-------++-------
Melee: Club              |    13 |       |       ||    13
       Dagger            |    54 |   226 |   453 ||   733
Invok: Potion Petition   |       |       |     2 ||     2
Evoke: Wand              |     5 |     1 |    19 ||    25
  Use: Scroll            |       |       |    10 ||    10
 Stab: Sleeping          |       |     1 |       ||     1
       Distracted        |       |       |     3 ||     3
Armor: Leather armour    |    19 |    39 |       ||    58
       Scale mail        |       |    15 |   234 ||   249
Dodge: Dodged            |    48 |   104 |   310 ||   462
